 Dungeon Crawl Stone Soup version 0.30.1-3-gfc49f6343a (webtiles) character file.

Game seed: 4260032479915034239

5193 monsoonserge the Grappler (level 10, -7/100 HPs)
             Began as a Troll Fighter on Aug 7, 2023.
             Was a Follower of Wu Jian.
             Mangled by an orc knight
             ... wielding a +0 glaive
              (31 damage)
             ... in a bailey.
             The game lasted 00:16:59 (5946 turns).

monsoonserge the Grappler (Troll Fighter)           Turns: 5946, Time: 00:17:00

Health: -7/100     AC:  7    Str: 26    XL:     10   Next: 34%
Magic:  9/9        EV: 14    Int:  8    God:    Wu Jian [*.....]
Gold:   500        SH: 14    Dex:  9    Spells: 9/9 levels left

rFire   . .          .
                       - Unarmed
rCold   . . .        b - +0 kite shield
rNeg    . . .        a - +0 robe
rPois   .            i - +1 hat
rElec   .            t - +1 cloak
rCorr   .            (gloves unavailable)
SInv    .            (boots unavailable)
Will    .....        F - amulet of reflection
Stlth   +            s - +5 ring of evasion
HPRegen 1.16/turn    (no ring)
MPRegen 0.11/turn

%: reflection
@: mighty
A: large, unfitting armour, claws 3, regeneration 1, shaggy fur 1, tough skin 1
a: Renounce Religion


You were in a bailey.
You worshipped Wu Jian.
Wu Jian was aware of your devotion.
You visited 2 branches of the dungeon, and saw 9 of its levels.
You also visited: Sewer and Bailey.

You collected 500 gold pieces.

Inventory:

Hand Weapons
 D - the +8 sling "Renwiubb" {heavy, +Blink}
   (You found it on level 6 of the Dungeon)

   +Blink:    It lets you blink.
Missiles
 p - 20 poisoned darts (quivered)
 y - 14 boomerangs
 I - 14 boomerangs of dispersal
Armour
 a - a +0 robe (worn)
 b - a +0 kite shield (worn)
 i - a +1 hat (worn)
 t - a +1 cloak (worn)
Jewellery
 s - a +5 ring of evasion (left claw)
 E - an amulet of regeneration
 F - an amulet of reflection (around neck)
Wands
 v - a wand of charming (19)
 G - a wand of iceblast (4)
Scrolls
 e - 3 scrolls of noise {unknown}
 f - 3 scrolls of fog {unknown}
 h - 9 scrolls of identify {unknown}
 j - 5 scrolls of teleportation {unknown}
 l - 3 scrolls of vulnerability {unknown}
 q - 2 scrolls of silence {unknown}
 r - 3 scrolls of magic mapping {unknown}
 u - 2 scrolls of brand weapon {unknown}
 H - a scroll of fear {unknown}
 J - a scroll of enchant armour
Potions
 c - a potion of might
 d - 8 potions of curing
 g - 7 potions of heal wounds {unknown}
 k - 5 potions of lignification {unknown}
 m - a potion of resistance {unknown}
 n - 3 potions of flight {unknown}
 o - 3 potions of cancellation {unknown}
 w - 3 potions of brilliance {unknown}
 x - a potion of invisibility {unknown}
 z - a potion of mutation {unknown}
 A - 2 potions of berserk rage {unknown}
 B - 2 potions of haste {unknown}
 C - a potion of magic {unknown}
Miscellaneous
 K - a phial of floods


   Skills:
 + Level 6.7 Fighting
 + Level 4.3 Dodging
 + Level 7.2 Shields
 * Level 10.7 Unarmed Combat


You had 9 spell levels left.
You didn't know any spells.
Your spell library contained the following spells:

 Spells                   Type           Power      Damage    Failure   Level
 Sublimation of Blood     Necr           0%         N/A       75%         2
 Wereblood                Tmut           0%         N/A       75%         2
 Call Canine Familiar     Summ           0%         N/A       93%         3
 Ozocubu's Armour         Ice            0%         N/A       93%         3
 Portal Projectile        Hex/Tloc       0%         N/A       93%         3
 Leda's Liquefaction      Hex/Erth       0%         N/A       100%        4
 Ozocubu's Refrigeration  Ice            0%         4d7       100%        7
 Summon Hydra             Summ           0%         N/A       100%        7


Dungeon Overview and Level Annotations

Branches:
Dungeon (8/15)             Temple (1/1) D:7           Sewer (visited)
 Bailey (1/1)
   Lair: D:8-11

Altars:
Ashenzari
Dithmenos
Fedhas
Gozag
Hepliaklqana
Okawaru
Qazlal
Sif Muna
Trog
Uskayaw
Vehumet
Wu Jian
Xom
Yredelemnul
The Shining One

Shops:
D:4 :   D:7 =

Portals:
Abyss: D:3

Annotations:
D:3 2 transporters, BaconRulez's ghost, amateur HOFi


Innate Abilities, Weirdness & Mutations

You are too large for most types of armour.
You have claws for hands.
Your natural rate of healing is unusually fast.
You are covered in fur. (AC +1)
You have tough skin. (AC +1)


Message History

The orc knight roars a battlecry!
The orcs go into a battle-frenzy!
You block the orc knight's attack.
Unknown command.
You barely miss the orc. The orc completely misses you.
You block the orc knight's attack.
The orc knight hits you from afar with a +0 halberd!!
You closely miss the orc. You block the orc's attack.
You block the orc knight's attack. The orc knight barely misses you.
You scratch the orc.
The orc is severely wounded.
You block the orc knight's attack. x2
You lunge at the orc knight.
You closely miss the orc knight.
You spin and attack the orc.
You mangle the orc!!
You kill the orc!
The Council accepts your kill.
The orc knight hits you with a +0 glaive!!
You block the orc knight's attack.
There is an open door, spattered with blood here.
You spin and attack the orc knight.
You closely miss the orc knight.
The orc knight roars a battlecry!
The orc knight goes into a battle-frenzy!
Unknown command.
You lunge at the orc knight.
You closely miss the orc knight.
You spin and attack the orc knight repeatedly.
You closely miss the orc knight. You barely miss the orc knight.
The orc knight barely misses you.
The orc knight hits you with a +0 halberd!!
* * * LOW HITPOINT WARNING * * *
Unknown command.
Press: ? - help, v - describe, . - travel
Here: an orc knight, wielding a +0 glaive and wearing a +0 chain mail (strong)
The floor.
Press: ? - help, v - describe, . - travel, g - get item Item here: a long smoking staff.
The floor.
You spin and attack the orc knight.
You claw the orc knight!
The orc knight is moderately wounded.
The orc knight hits you from afar with a +0 glaive!!
You die...

..≈##.##≈...............≈##.##≈..
..≈#.....................))..#≈..
..≈##)∩#≈...............≈#∩.##≈..
..≈≈#)##≈....#######....≈##.#≈≈..
...≈≈.≈≈≈....##....##...≈≈≈.≈≈...
.............##.....##...........
.............##'''#..##..........
.........##..##∩.∩##..#..........
.........##.####@####.##.........
.........##.')#..o#.'.##.........
.........##.###o8.###.##.........
.........##.')#|.?#)'.##.........
.........##.#########.##.........
..........#..##.#.##..#..........
..........##..#'#'#..##..........
...).......##.......##...........
...≈≈.≈≈≈...#########...≈≈≈.≈≈...


You could see 2 orc knights.

Vanquished Creatures
  A hornet (D:8)
  A slime creature (D:7)
  A shadow (D:7)
  A wyvern (D:8)
  4 steam dragons
  An acid dragon (D:8)
  3 water moccasins
  2 black bears (D:6)
  2 sky beasts
  8 orc warriors
  An ice beast (D:7)
  3 ogres
  3 centaurs
  3 kobold brigands
  7 bullfrogs
  3 scorpions
  A wight (D:8)
  A howler monkey (D:6)
  3 jellies
  2 orc priests
  A gnoll bouda (D:6)
  2 hounds
  Ijyb (D:4)
  4 sleepcaps
  5 orc wizards
  5 iguanas
  A hell rat (Sewer)
  4 gnolls
  3 river rats (Sewer)
  6 adders
  2 shadow imps
  A white imp (D:7)
  An ufetubus (D:4)
  5 worms
  5 dart slugs
  35 orcs
  3 ball pythons
  5 endoplasms
  9 giant cockroaches
  7 hobgoblins
  4 jackals (D:3)
  17 kobolds
  5 quokkas
  8 bats
  5 frilled lizards
  4 goblins
  11 rats
210 creatures vanquished.

Vanquished Creatures (others)
  An orc (D:8)
1 creature vanquished.

Grand Total: 211 creatures vanquished

Notes
Turn   | Place    | Note
-------+----------+-------------------------------------------
     0 | D:1      | monsoonserge the Troll Fighter began the quest for the Orb.
     0 | D:1      | Reached XP level 1. HP: 22/22 MP: 0/0
   176 | D:1      | Reached XP level 2. HP: 29/29 MP: 1/1
   266 | D:1      | Reached XP level 3. HP: 36/36 MP: 2/2
   349 | D:1      | Reached skill level 3 in Unarmed Combat
  1290 | D:3      | Reached XP level 4. HP: 44/44 MP: 3/3
  1394 | D:3      | Noticed a kobold brigand
  1418 | D:3      | Found a transporter.
  1499 | D:3      | Found a transporter.
  1500 | D:3      | Found a one-way gate to the infinite horrors of the Abyss.
  1597 | D:3      | Noticed BaconRulez's ghost (amateur HOFi)
  1865 | D:3      | Found a radiant altar of Vehumet.
  1881 | D:3      | Reached skill level 4 in Unarmed Combat
  1890 | D:3      | Reached XP level 5. HP: 49/53 MP: 4/4
  2062 | D:4      | Noticed Ijyb
  2086 | D:4      | Killed Ijyb
  2132 | D:4      | Found Xeosh's Book Boutique.
  2141 | D:4      | Reached XP level 6. HP: 61/61 MP: 5/5
  2464 | D:4      | Reached skill level 5 in Unarmed Combat
  2627 | D:5      | Entered Level 5 of the Dungeon
  2651 | D:5      | Reached XP level 7. HP: 68/68 MP: 6/6
  2703 | D:5      | Reached skill level 6 in Unarmed Combat
  2789 | D:5      | Found a hazy altar of Hepliaklqana.
  2791 | D:5      | Found a faded altar of an unknown god.
  3058 | D:5      | Found a broken altar of Ashenzari.
  3058 | D:5      | Found a stormy altar of Qazlal.
  3502 | D:6      | Reached XP level 8. HP: 79/79 MP: 7/7
  3552 | D:6      | Found a glowing drain.
  3558 | Sewer    | Entered a sewer
  3593 | Sewer    | Reached skill level 7 in Unarmed Combat
  3641 | Sewer    | Reached skill level 5 in Shields
  3710 | D:6      | Identified the +8 sling "Renwiubb" {heavy, +Blink}
  3719 | D:6      | Found a bloodstained altar of Trog.
  4254 | D:6      | Reached skill level 5 in Fighting
  4513 | D:7      | Reached skill level 8 in Unarmed Combat
  4554 | D:7      | Found Cupixad's Jewellery Boutique.
  4697 | D:7      | Reached XP level 9. HP: 80/88 MP: 8/8
  4726 | D:7      | Reached skill level 9 in Unarmed Combat
  4935 | D:7      | Found a staircase to the Ecumenical Temple.
  4947 | Temple   | Entered the Ecumenical Temple
  4989 | Temple   | Became a worshipper of the Wu Jian Council
  5517 | D:8      | Reached skill level 10 in Unarmed Combat
  5522 | D:8      | Paralysed by a hornet for 3 turns
  5549 | D:8      | Reached XP level 10. HP: 77/100 MP: 9/9
  5575 | D:8      | Reached * piety under Wu Jian
  5652 | D:8      | Found a flagged portal.
  5660 | D:8      | Identified the +3 halberd "Atair" {freeze, rPois Dex+2}
  5663 | Bailey   | Entered a bailey
  5936 | Bailey   | Noticed an orc knight
  5936 | Bailey   | Noticed an orc knight
  5946 | Bailey   | Mangled by an orc knight

Illustrated notes

Levels and vault maps discovered:
D:1:      dpeg_arrival_tiny_f, layout_basic,
          nicolae_concentric_dashed_squares_wild, minmay_misc_feat_x,
          grunt_decor_fettered, minmay_tetromino_l2
D:2:      layout_loops_ring, serial_bayou_pond_b
D:3:      layout_loops_cross, lemuel_round_altar, gammafunk_ghost_abyssal_escape
D:4:      layout_basic, serial_shops, shop, kennysheep_generic_room_3, uniq_ijyb
D:5:      layout_basic, beargit_hepliaklqana_dungeon_heroes,
          nicolae_overflow_two_pavilions
D:6:      layout_cave_pods, trog_ov_bears_minmay, gup_sewer_entry_bubbles,
          minmay_misc_feat_cross, serial_park_tiny_pond, supply_closet_lemuel,
          kennysheep_generic_room_6
D:7:      wad_guarded_room, layout_loops_ring, minmay_temple_entry_antechambers,
          serial_shops, nicolae_shop_tiny_statue_garden,
          minmay_unpleasant_kobolds
D:8:      layout_rooms, mainiacjoe_overflow_paths, enter_bailey_2,
          kennysheep_crisscross, minmay_joined_circles
Temple:   nicolae_temple_superstar
Bailey:   bailey_polearm_2, bailey

Skill      XL: |  1  2  3  4  5  6  7  8  9 10 |
---------------+-------------------------------+-----
Shields        | 3 4 6 7 |  7.2
Unarmed Combat | 3 4 5 6 8 10 | 10.7
Fighting       | 3 4 5 6 |  6.7
Dodging        | 3 4 |  4.3

Action                     |  1- 3 |  4- 6 |  7- 9 | 10-12 || total
---------------------------+-------+-------+-------+-------++-------
  Melee: Unarmed           |   102 |   142 |   366 |    87 ||   697
Ability: Lunge             |       |       |     1 |     9 ||    10
         Whirlwind         |       |       |       |     4 ||     4
    Use: Potion            |       |       |       |     1 ||     1
 Armour: Robe              |    43 |    62 |    72 |    14 ||   191
  Dodge: Dodged            |    39 |    79 |   153 |    33 ||   304
  Block: Kite shield       |    39 |    57 |   175 |    58 ||   329
         Reflection        |       |       |     7 |    16 ||    23
